 Dungeon Crawl Stone Soup version 0.26.0-45-g9c1d065592 (webtiles) character file.

Game seed: 16305111210006677411

200 Majorwet the Shield-Bearer (level 6, -7/47 HPs)
             Began as a Human Fighter on Jan 29, 2021.
             Killed by divine providence
             ... invoked by an orc priest
              (13 damage)
             ... on level 3 of the Dungeon.
             The game lasted 00:06:02 (2580 turns).

Majorwet the Shield-Bearer (Human Fighter)          Turns: 2580, Time: 00:06:03

Health: -7/47      AC:  7    Str: 19    XL:     6   Next: 7%
Magic:  6/6        EV:  9    Int:  8    God:
Gold:   94         SH:  9    Dex: 12    Spells: 5/5 levels left

rFire    . . .     SeeInvis .   a - +0 long sword
rCold    . . .     Faith    .   c - +0 kite shield
rNeg     . . .     Spirit   .   o - +3 leather armour
rPois    .         Reflect  .   (no helmet)
rElec    .         Harm     .   (no cloak)
rCorr    .         Rampage  .   (no gloves)
Will     .....                  i - +0 pair of boots
Stlth    +.........             (no amulet)
HPRegen  0.15/turn              (no ring)
MPRegen  0.10/turn              (no ring)

@: lethally poisoned (-7 -> -12)
A: no striking features
a: no special abilities


You were on level 3 of the Dungeon.
You visited 1 branch of the dungeon, and saw 3 of its levels.

You collected 94 gold pieces.

Inventory:

Hand Weapons
 a - a +0 long sword (weapon)
Armour
 b - a +0 scale mail
 c - a +0 kite shield (worn)
 i - a +0 pair of boots (worn)
 o - a +3 leather armour (worn)
Jewellery
 p - an uncursed amulet of guardian spirit {unknown}
Scrolls
 d - a scroll of fog {unknown}
 e - 2 scrolls of teleportation {unknown}
 f - 3 scrolls of identify {unknown}
 h - a scroll of noise {unknown}
 m - a scroll of remove curse {unknown}
Potions
 j - a potion of lignification {unknown}
 k - a potion of heal wounds {unknown}
 l - a potion of brilliance {unknown}
 n - a potion of haste {unknown}


   Skills:
 + Level 3.6 Fighting
 + Level 3.9 Long Blades
 + Level 3.7 Armour
 + Level 0.9 Dodging
 + Level 3.9 Shields


You had 5 spell levels left.
You didn't know any spells.
Your spell library was empty.

Dungeon Overview and Level Annotations

Branches:
Dungeon (3/15)

Altars:


Message History

The adder is heavily wounded.
You feel sick. The adder bites you. You block the orc's attack.
The orc priest hits you with a +0 club.
* * * LOW HITPOINT WARNING * * *
You block the adder's attack.
Unknown command.
Unknown command.
Sorry, you're not good enough to have a special ability.
It was a potion of cancellation.
You feel magically purged. The orc hits you with a +0 short sword.
* * * LOW HITPOINT WARNING * * *
You block the adder's attack. The orc priest hits you with a +0 club.
* * * LOW HITPOINT WARNING * * *
You hit the adder.
You kill the adder!
* * * LOW HITPOINT WARNING * * *
You feel sick. The orc hits you but does no damage.
The orc priest invokes the aid of Beogh against you.
Beogh smites you!
You die...

........###
...........#. #
g.......##... .
........##..# .#####
......)..##.####....
..S..†......#.....##
#...S.#.##.........##
#####o†.##..........##
##..##.....o@....#
#oo##..#...†o..#...
##..#..##.......#
#..S.o.###...##.#
.....................
####.≈≈≈≈≈≈≈≈≈≈≈≈≈≈≈≈≈
....≈≈≈≈≈≈≈≈≈≈≈≈≈≈≈≈≈.
##..≈≈####.....####≈≈.
....≈≈#..#8###8#..#≈


You could see an orc priest and an orc.

Vanquished Creatures
  An orc priest (D:2)
  4 gnolls (D:2)
  6 adders
  A worm (D:2)
  2 dart slugs
  6 orcs (D:2)
  A ball python (D:2)
  4 giant cockroaches
  6 goblins
  6 hobgoblins
  9 jackals
  2 quokkas
  9 bats
  6 frilled lizards
  4 kobolds
  9 rats
76 creatures vanquished.

Notes
Turn   | Place    | Note
-------+----------+-------------------------------------------
     0 | D:1      | Majorwet the Human Fighter began the quest for the Orb.
     0 | D:1      | Reached XP level 1. HP: 18/18 MP: 1/1
    91 | D:1      | Reached XP level 2. HP: 23/24 MP: 2/2
   731 | D:1      | Reached XP level 3. HP: 27/29 MP: 3/3
  1076 | D:2      | Reached XP level 4. HP: 31/35 MP: 4/4
  1708 | D:2      | Reached XP level 5. HP: 41/41 MP: 5/5
  2326 | D:3      | Reached XP level 6. HP: 37/47 MP: 6/6
  2580 | D:3      | Killed from afar by an orc priest

Illustrated notes

Levels and vault maps discovered:
D:1:      minmay_arrival_jagged, layout_basic
D:2:      layout_loops_corners
D:3:      layout_rooms, gammafunk_ghost_gnarly_gnolls, minmay_cut_off

Skill      XL: |  1  2  3  4 |
---------------+-------------+-----
Long Blades    | 3 |  3.9
Fighting       | |  3.6
Armour         | |  3.7
Dodging        | |  0.9
Shields        | |  3.9

Action                   |  1- 3 |  4- 6 || total
-------------------------+-------+-------++-------
Melee: Long sword        |   100 |   151 ||   251
  Use: Potion            |     1 |     1 ||     2
Armor: Scale mail        |    72 |    46 ||   118
       Leather armour    |       |    18 ||    18
Dodge: Dodged            |    40 |    61 ||   101
Block: Kite shield       |    76 |    99 ||   175
       Rpst.: Long sword |    13 |    23 ||    36
